 Dungeon Crawl Stone Soup version 0.20-a0-738-gb057e68 (webtiles) character file.

182 polly the Slasher (level 5, 0/39 HPs)
             Began as a Demonspawn Gladiator on Feb 24, 2017.
             Succumbed to a scorpion's poison
             ... on level 4 of the Dungeon.
             The game lasted 00:01:54 (1800 turns).

polly the Slasher (Demonspawn Gladiator)            Turns: 1800, Time: 00:01:55

Health: 0/39       AC:  5    Str: 15    XL:     5   Next: 34%
Magic:  5/5        EV: 13    Int: 10    God:
Gold:   203        SH:  0    Dex: 14    Spells: 4/4 levels left

rFire    . . .     SeeInvis .   a - +0 long sword
rCold    . . .     Gourm    .   b - +0 leather armour
rNeg     . . .     Faith    .   (no shield)
rPois    .         Spirit   .   (helmet restricted)
rElec    .         Reflect  .   (no cloak)
rCorr    .         Harm     .   (no gloves)
MR       .....                  (no boots)
Stlth    +.........             (no amulet)
Regen    0.2/turn               (no ring)
MPRegen  0.1/turn               (no ring)

@: lethally poisoned (0 -> -16)
A: horns 1, iridescent scales 1, rot immunity
a: no special abilities


You were on level 4 of the Dungeon.
You were not hungry.

You visited 1 branch of the dungeon, and saw 4 of its levels.

You collected 203 gold pieces.

Inventory:

Hand Weapons
 a - a +0 long sword (weapon)
Missiles
 d - 3 throwing nets (quivered)
Armour
 b - a +0 leather armour (worn)
 c - a +0 helmet
Jewellery
 o - an uncursed ring of protection from fire {unknown}
Scrolls
 e - 2 scrolls of enchant weapon {unknown}
 j - 3 scrolls of teleportation {unknown}
 k - a scroll of magic mapping {unknown}
 m - a scroll of noise {unknown}
 n - a scroll of random uselessness {unknown}
Potions
 g - a potion of haste {unknown}
 i - 2 potions of heal wounds {unknown}
 l - a potion of berserk rage {unknown}
Comestibles
 f - 2 bread rations
 h - 3 meat rations


   Skills:
 + Level 2.6 Fighting
 + Level 4.5 Long Blades
 + Level 2.0 Throwing
 + Level 1.0 Armour
 + Level 3.3 Dodging
 + Level 0.4 Stealth


You had 4 spell levels left.
You didn't know any spells.

Dungeon Overview and Level Annotations

Branches:
Dungeon (4/15)
 Temple: D:4-7

Altars:
Dithmenos
Hepliaklqana
Xom


Innate Abilities, Weirdness & Mutations

You have a pair of small horns on your head.
You are partially covered in iridescent scales. (AC +2)
You are immune to rotting.


Message History

You are too injured to fight recklessly!
You hit the scorpion. Your headbutt misses the scorpion.
The scorpion is severely wounded.
* * * LOW HITPOINT WARNING * * *
You feel sick. The scorpion stings you.
* * * LOW HITPOINT WARNING * * *
You hit the scorpion.
You headbutt the scorpion, but do no damage.
The scorpion is severely wounded.
* * * LOW HITPOINT WARNING * * *
You feel sick. The scorpion barely misses you.
You riposte.
You hit the scorpion but do no damage. You headbutt the scorpion.
The scorpion is severely wounded.
Unknown command.
* * * LOW HITPOINT WARNING * * *
You feel sick. The scorpion closely misses you.
There is a stone staircase leading up here.
* * * LOW HITPOINT WARNING * * *
You feel sick. The scorpion barely misses you.
You die...

...# #...# #...#
#.#>##
..###....######.
.......[........
#.##...s<....##
.#...........##
#.......@=......
#.###...########
# ##..# ##.# #.#
#. #. #.


You could see a scorpion.

Vanquished Creatures
  Ijyb (D:3)
  A worker ant (D:4)
  3 gnolls (D:3)
  4 adders
  An ooze (D:1)
  2 worms
  4 leopard geckos (D:2)
  3 giant cockroaches
  2 goblins (D:3)
  7 hobgoblins
  A quokka (D:3)
  11 bats
  4 frilled lizards
  7 kobolds
  12 rats
63 creatures vanquished.

Notes
Turn   | Place    | Note
-------+----------+-------------------------------------------
     0 | D:1      | polly the Demonspawn Gladiator began the quest for the Orb.
     0 | D:1      | Reached XP level 1. HP: 16/16 MP: 1/1
   100 | D:1      | Gained mutation: You are immune to rotting. [demonic ancestry]
   100 | D:1      | Reached XP level 2. HP: 18/22 MP: 2/2
   273 | D:1      | Reached skill level 3 in Long Blades
   570 | D:2      | Reached XP level 3. HP: 19/27 MP: 3/3
   896 | D:2      | Reached skill level 1 in Armour
   915 | D:2      | Gained mutation: You are partially covered in iridescent scales. (AC +2) [demonic ancestry]
   915 | D:2      | Reached XP level 4. HP: 23/34 MP: 4/4
  1144 | D:3      | Reached skill level 4 in Long Blades
  1151 | D:3      | Noticed Ijyb
  1183 | D:3      | Killed Ijyb
  1183 | D:3      | Gained mutation: You have a pair of small horns on your head. [demonic ancestry]
  1183 | D:3      | Reached XP level 5. HP: 33/39 MP: 5/5
  1387 | D:3      | Found a shadowy altar of Dithmenos.
  1555 | D:3      | Found a shimmering altar of Xom.
  1556 | D:3      | Found a hazy altar of Hepliaklqana.
  1556 | D:3      | Noticed a hell beast
  1557 | D:3      | Noticed a hell beast
  1557 | D:3      | Noticed a spectral ugly thing
  1799 | D:4      | HP: 1/39 [poisoned by a scorpion]
  1800 | D:4      | Succumbed to a scorpion's poison

Vault maps used:
D:1:      evilmike_arrival_fibonacci_small
D:3:      regret_index_temple_of_mockery, lemuel_round_altar, uniq_iyjb
D:4:      grunt_temple_overflow_holy_war, dancing_weapons_uskayaw,
          portal_sewer_entry_a, serial_shops, nicolae_shop_stone

Skill      XL: |  1  2  3  4 |
---------------+-------------+-----
Throwing       | 2 |  2.0
Dodging        | 3 |  3.3
Long Blades    | 3 4 |  4.5
Armour         | 1 |  1.0
Fighting       | |  2.6
Stealth        | |  0.4

Action                   |  1- 3 |  4- 6 || total
-------------------------+-------+-------++-------
Melee: Long sword        |   102 |    81 ||   183
       Headbutt          |       |     8 ||     8
 Stab: Sleeping          |     2 |     2 ||     4
  Eat: Chunk             |       |     3 ||     3
Armor: Leather armour    |    38 |    19 ||    57
Dodge: Dodged            |    95 |    61 ||   156
       Rpst.: Long sword |    37 |    21 ||    58
